 Dungeon Crawl Stone Soup version 0.30-b1-2-g02819fbbbe (webtiles) character file.

Game seed: 12390531479497498704

580 prikolics the Grasshopper (level 7, 0/61 HPs)
             Began as a Naga Warper on Aug 13, 2023.
             Slain by an adder (1 damage)
             ... on level 5 of the Dungeon.
             The game lasted 00:32:24 (4479 turns).

prikolics the Grasshopper (Naga Warper)             Turns: 4479, Time: 00:32:27

Health: 0/61       AC:  0    Str: 14    XL:     7   Next: 36%
Magic:  6/10       EV: 19    Int: 15    God:
Gold:   262        SH:  0    Dex: 15    Spells: 6/10 levels left

rFire   . . .        z - melded +5 scythe (vamp)
rCold   . . .        (shield currently unavailable)
rNeg    . . .        b - melded +0 leather armour
rPois   .            t - melded +1 helmet
rElec   .            (cloak currently unavailable)
rCorr   .            (gloves currently unavailable)
SInv    +            (no barding)
Will    .....        (no amulet)
Stlth   +++          (ring currently unavailable)
HPRegen 0.30/turn    (ring currently unavailable)
MPRegen 0.12/turn

%: no passive effects
@: mighty, bat-form, on blink cooldown, flying, very quick
A: fast, flying, no casting, AC +2, tiny, see invisible, (deformed body),
(poison resistance), (slowness 2), spit poison 1, (naga tail 1)
a: Spit Poison


You were on level 5 of the Dungeon.
You were a bat.
You visited 1 branch of the dungeon, and saw 5 of its levels.

You collected 262 gold pieces.

Inventory:

Hand Weapons
 a - a +7 club
 r - a +0 trident
 w - a +0 hand axe of freezing
 z - a +5 vampiric scythe (melded)
 B - a +0 spear of freezing
Missiles
 d - 5 boomerangs of dispersal
 e - 6 poisoned darts (quivered)
 h - 30 stones
 y - 5 javelins
 C - a boomerang
Armour
 b - a +0 leather armour (melded)
 l - a scarf of shadows
 t - a +1 helmet (melded)
 A - a +2 robe of cold resistance
 E - a +0 kite shield
Wands
 c - a wand of polymorph (7)
 f - a wand of iceblast (9)
 v - a wand of flame (11)
Scrolls
 g - 2 scrolls of immolation {unknown}
 i - a scroll of vulnerability {unknown}
 j - 5 scrolls of identify {unknown}
 k - 4 scrolls of teleportation {unknown}
 m - a scroll of magic mapping {unknown}
 u - 3 scrolls of enchant armour {unknown}
 D - a scroll of poison {unknown}
Potions
 n - a potion of heal wounds {unknown}
 o - a potion of might
 p - a potion of berserk rage {unknown}
 q - a potion of flight {unknown}
 s - a potion of mutation {unknown}
 x - a potion of degeneration {unknown}


   Skills:
 + Level 2.6 Fighting
 + Level 3.8 Polearms
 + Level 1.8 Throwing
 - Level 0.7 Armour
 + Level 2.4 Dodging
 * Level 4.5 Stealth
 + Level 2.2 Spellcasting
 * Level 2.5 Conjurations
 * Level 4.8 Translocations
 + Level 0.4 Evocations


You had 6 spell levels left.
You knew the following spells:

 Your Spells              Type           Power      Damage    Failure   Level
a - Blink                 Tloc           32%        N/A       4%          2
b - Searing Ray           Conj           18%        2d5       12%         2

Your spell library contained the following spells:

 Spells                   Type           Power      Damage    Failure   Level
 Lesser Beckoning         Tloc           32%        N/A       4%          2
 Magic Dart               Conj           36%        1d4       8%          1
 Teleport Other           Tloc           16%        N/A       9%          3
 Kiss of Death            Conj/Necr      20%        2d7       13%         1
 Vhi's Electric Charge    Tloc/Air       16%        N/A       24%         3
 Manifold Assault         Tloc           16%        N/A       30%         4
 Dazzling Flash           Conj/Hex       10%        N/A       36%         3
 Confusing Touch          Hex            1%         N/A       54%         3
 Fulminant Prism          Conj/Hex       2%         3d5       78%         4
 Dispel Undead            Necr           1%         3d6       91%         4
 Agony                    Necr           1%         N/A       99%         5
 Silence                  Hex/Air        0%         N/A       99%         5


Dungeon Overview and Level Annotations

Branches:
Dungeon (5/15)
 Temple: D:4-7

Altars:
Zin

Shops:
D:4 (:((


Innate Abilities, Weirdness & Mutations

You are a bat.
You are tiny and dextrous.
You move quickly.
You are flying.
Your equipment is almost entirely melded.
You are incapable of wielding weapons or throwing items.
You cannot cast spells.
((Your serpentine skin is tough. (AC +2)))
You have supernaturally acute eyesight. (SInv)
((Armour fits poorly on your strangely shaped body.))
((Your system is resistant to poisons. (rPois)))
((You cover ground very slowly.))
You can spit poison.
((You have a snake-like lower body.))


Message History

You kill the gnoll bouda!
The gnoll completely misses you. The gnoll hits you but does no damage.
The adder bites you but does no damage. The gnoll hits you with a +0 flail!
The gnoll attacks as you move away! The gnoll hits you with a +0 flail.
You have got your breath back.
The gnoll hits you but does no damage. The adder bites you.
Aiming: Spit Poison (1% risk of failure)
Press: ? - help, Shift-Dir - straight line, f - gnoll
Aim: a gnoll, wielding a +0 flail and wearing a +0 scale mail (covering ground quickly, 70% to hit)
The splash of poison misses the gnoll.
You feel stable enough to blink again. The gnoll hits you with a +0 flail!
* * * LOW HITPOINT WARNING * * *
The adder bites you.
* * * LOW HITPOINT WARNING * * *
The gnoll closely misses you.
Casting: Blink (safe; 6% risk of failure)
Confirm with . or Enter, or press ? or * to list all spells.
You blink.
The ice beast closely misses you. The gnoll hits you with a +0 spear.
* * * LOW HITPOINT WARNING * * *
Unknown command.
It was a potion of might.
You feel very mighty all of a sudden.
You have got your breath back.
The ice beast hits you but does no damage.
The gnoll hits you with a +0 spear.
* * * LOW HITPOINT WARNING * * *
The adder bites you but does no damage.
Aiming: Polymorph
Press: ? - help, Shift-Dir - straight line, f - you, p - gnoll That beam is likely to hit you.
Continue anyway?
You turn into a bat.
Your +5 vampiric scythe melds into your body.
Your +1 helmet melds into your body.
Your +0 leather armour melds into your body.
You feel the dreadful sensation subside.
The gnoll barely misses you. The ice beast barely misses you.
The adder bites you.
You die...

#...#
#..............##...#
####..#
##...........####..)##
.....# #............#
##...# ##...##
#............# ##..##
###..##
##.#+#.....(..# #...#
##..###..# #........#
###..# ##......#
#....(...# #.##..
###....# #..S.(...#
#..#.) #...##
##bg.(..## #...#)
#...# #gY....# #.....
#...# #.)....# #.....
#...# #)##..## ####..
##..# ##.##### ###
#... #..# .#.# #..####
#.....# #......#


You could see an ice beast, 2 gnolls and an adder.

Vanquished Creatures
  Sigmund (D:3)
  A howler monkey (D:5)
  A gnoll bouda (D:5)
  An iguana (D:4)
  Jessica (D:2)
  An orc wizard (D:5)
  Ijyb (D:3)
  Natasha (twice) (D:2)
  4 adders
  4 gnolls
  2 worms
  A dart slug (D:3)
  12 orcs
  3 ball pythons
  9 endoplasms
  A giant cockroach (D:4)
  10 goblins
  11 hobgoblins
  3 jackals (D:1)
  9 kobolds
  4 quokkas
  6 bats
  3 frilled lizards
  11 rats
102 creatures vanquished.

Notes
Turn   | Place    | Note
-------+----------+-------------------------------------------
     0 | D:1      | prikolics the Naga Warper began the quest for the Orb.
     0 | D:1      | Reached XP level 1. HP: 19/19 MP: 3/3
   127 | D:1      | Reached XP level 2. HP: 26/26 MP: 5/5
   130 | D:1      | Learned a level 2 spell: Blink
   430 | D:1      | Reached XP level 3. HP: 9/32 MP: 6/6
   525 | D:1      | Learned a level 2 spell: Searing Ray
  1833 | D:3      | Noticed Sigmund
  1881 | D:3      | Noticed Jessica
  1893 | D:2      | Killed Jessica
  1894 | D:2      | Reached skill level 1 in Throwing
  1894 | D:2      | Reached skill level 1 in Stealth
  1894 | D:2      | Reached XP level 4. HP: 22/39 MP: 7/7
  1982 | D:3      | Noticed Natasha
  1995 | D:2      | Killed Natasha
  2086 | D:2      | Noticed Natasha
  2789 | D:2      | Killed Natasha
  2790 | D:2      | Reached skill level 1 in Conjurations
  2790 | D:2      | Reached XP level 5. HP: 41/45 MP: 8/8
  2997 | D:3      | Noticed Ijyb
  3013 | D:3      | Killed Ijyb
  3461 | D:3      | Killed Sigmund
  3462 | D:3      | Reached XP level 6. HP: 44/55 MP: 9/9
  3465 | D:3      | You fall into a shaft and drop 2 floors!
  3465 | D:5      | Entered Level 5 of the Dungeon
  3771 | D:3      | Identified the +0 quarterstaff of Bread {freeze, Str+2
                  | Dex-4 SInv Stlth+}
  3911 | D:4      | Found a glowing silver altar of Zin.
  3915 | D:4      | Reached XP level 7. HP: 61/61 MP: 10/10
  4160 | D:4      | Found Ohopt's Weapon Emporium.
  4161 | D:4      | Found Yqawaq's Weapon Emporium.
  4167 | D:4      | Found Ickougut's Antique Weapon Emporium.
  4168 | D:4      | Found Nojo's Book Emporium.
  4478 | D:5      | HP: 1/61 [gnoll/+0 spear[a gnoll bouda] (4)]
  4479 | D:5      | Slain by an adder

Illustrated notes

Levels and vault maps discovered:
D:1:      sevenhm_arrival_forest_fort_small_3, layout_basic, minmay_vboxes
D:2:      layout_basic
D:3:      layout_rooms, uniq_ijyb, uniq_jessica, uniq_sigmund, uniq_natasha
D:4:      layout_rooms, mainiacjoe_overflow_brackets, minmay_shop_grid_forest
D:5:      layout_cave_pods, mainiacjoe_overflow_surrounded_room,
          kb_xom_exploding_sheep, minmay_temple_entry_glassed_door,
          amcnicky_mini_pool_small

Skill      XL: |  1  2  3  4  5  6 |
---------------+-------------------+-----
Translocations | 4 |  4.8
Throwing       | 1 |  1.8
Stealth        | 1 2 3 4 |  4.5
Conjurations   | 1 2 |  2.5
Dodging        | 2 |  2.4
Polearms       | 3 |  3.8
Fighting       | |  2.6
Armour         | |  0.7
Spellcasting   | |  2.2
Evocations     | |  0.4

Action                     |  1- 3 |  4- 6 |  7- 9 || total
---------------------------+-------+-------+-------++-------
  Melee: Spear             |    80 |       |       ||    80
         Punch             |     2 |       |       ||     2
         Trident           |    38 |    59 |       ||    97
         Halberd           |       |    18 |    41 ||    59
  Throw: Dart              |     9 |    15 |     5 ||    29
         Stone             |    12 |       |       ||    12
         Boomerang         |       |     2 |       ||     2
   Cast: Searing Ray       |       |     1 |     1 ||     2
         Blink             |       |     1 |     2 ||     3
Ability: Spit Poison       |    31 |    24 |    13 ||    68
  Evoke: Wand              |       |     5 |     2 ||     7
    Use: Scroll            |       |     2 |       ||     2
         Potion            |       |     1 |     1 ||     2
   Stab: Sleeping          |       |       |     2 ||     2
 Armour: Leather armour    |    33 |    25 |    32 ||    90
  Dodge: Dodged            |    57 |    36 |    32 ||   125
